 Dungeon Crawl Stone Soup version 0.21-a0-85-ga0cb861 (webtiles) character file.

13690 Spazmo the Fighter (level 11, -2/102 HPs)
             Began as a Minotaur Berserker on June 24, 2017.
             Was a High Priest of Trog.
             Killed from afar by an oklob plant (10 damage)
             ... with a splash of acid
             ... on level 1 of the Lair of Beasts.
             The game lasted 00:33:01 (10687 turns).

Spazmo the Fighter (Minotaur Berserker)            Turns: 10687, Time: 00:33:01

Health: -2/102     AC:  8    Str: 28    XL:     11   Next: 78%
Magic:  10/10      EV: 15    Int:  4    God:    Trog [*****.]
Gold:   770        SH: 11    Dex: 13    Spells: 10/10 levels left

rFire    . . .     SeeInvis .   o - +1 war axe
rCold    + + .     Gourm    .   x - +0 shield
rNeg     . . .     Faith    .   b - +5 scale mail of Jebbuin {rC++ Str+3 Stlth+}
rPois    .         Spirit   .   (helmet restricted)
rElec    .         Reflect  .   N - +0 cloak
rCorr    .         Harm     .   E - +0 pair of gloves
MR       .....                  (no boots)
Stlth    +.........             (no amulet)
HPRegen  0.27/turn              k - +3 ring of strength
MPRegen  0.12/turn              (no ring)

@: corroded
A: retaliatory headbutt, horns 2
a: Berserk, Trog's Hand, Brothers in Arms, Burn Spellbooks, Renounce Religion


You were on level 1 of the Lair of Beasts.
You worshipped Trog.
Trog was extremely pleased with you.
You were not hungry.

You visited 2 branches of the dungeon, and saw 12 of its levels.

You collected 835 gold pieces.
You spent 65 gold pieces at shops.

Inventory:

Hand Weapons
 o - a +1 war axe (weapon)
 D - a +2 dire flail of freezing
Missiles
 f - 250 stones (quivered)
Armour
 b - the +5 scale mail of Jebbuin (worn) {rC++ Str+3 Stlth+}
   (You found it on level 7 of the Dungeon)

   It affects your strength (+3).
   It greatly protects you from cold.
   It makes you more stealthy.
 w - a +0 chain mail
 x - a +0 shield (worn)
 E - a +0 pair of gloves (worn)
 N - a +0 cloak (worn)
Jewellery
 k - a +3 ring of strength (left hand)
 F - an uncursed amulet of magic regeneration
Wands
 h - a wand of scattershot (3/9)
 u - a wand of flame (28/48)
 B - a wand of confusion (21/48)
 H - a wand of flame (25/48)
 I - a wand of confusion (10/48)
 J - a wand of iceblast (11/15)
 K - a wand of confusion (13/48)
 L - a wand of iceblast (6/15)
 O - a wand of flame (34/48)
Scrolls
 d - 14 scrolls of identify
 l - 4 scrolls of remove curse
 m - 3 scrolls of enchant armour
 p - 5 scrolls of fear
 s - a scroll of vulnerability {unknown}
 y - 4 scrolls of teleportation
 C - a scroll of enchant weapon
 G - a scroll of fog
Potions
 e - 3 potions of flight
 i - a potion of magic {unknown}
 j - 2 potions of curing
 n - a potion of heal wounds
 r - a potion of berserk rage {unknown}
 t - a potion of resistance {unknown}
 v - a potion of brilliance
 z - 2 potions of agility {unknown}
 A - a potion of haste
Comestibles
 a - 2 royal jellies
 c - 13 bread rations
 g - 7 meat rations
 q - 3 fruits
 M - 4 chunks of flesh


   Skills:
 + Level 11.4 Fighting
 + Level 11.4 Axes
 + Level 10.9 Armour
 + Level 10.2 Dodging
 + Level 7.2 Shields


You had 10 spell levels left.
You didn't know any spells.

Dungeon Overview and Level Annotations

Branches:
Dungeon (11/15)            Temple (0/1) D:6            Lair (1/6) D:11
    Orc: D:9-12

Altars:
Ashenzari
Dithmenos
Fedhas
Makhleb
Nemelex Xobeh
Ru
Uskayaw
Wu Jian
Xom
Zin

Shops:
D:10 !

Annotations:
Lair:1 exclusion: oklob plant


Innate Abilities, Weirdness & Mutations

You reflexively headbutt those who attack you in melee.
You have a pair of horns on your head.


Message History

You hit the bush. You hit the bush but do no damage.
You headbutt the bush, but do no damage.
The bush is heavily damaged.
You hit the bush. You slash the bush! You headbutt the bush.
The bush is severely damaged.
You hit the bush but do no damage. The oklob plant spits acid at you.
The splash of acid hits you! The acid corrodes you!
You are splashed with acid!
The acid burns!
* * * LOW HITPOINT WARNING * * *
The oklob plant spits acid at you. The splash of acid hits you!
* * * LOW HITPOINT WARNING * * *
The acid corrodes you!
You are splashed with acid!
The acid burns!
* * * LOW HITPOINT WARNING * * *
The oklob plant spits acid at you. The splash of acid hits you!
You die...

#.... #.. #....
.... ###....
..(.#
###.....PPP....#
#...(..(PPP.....
#..$....PPP....#
#........?......
#...............
#.......@.......
#...........#...
+...............
#........##.....
# #........#
##...
###.##.+######
##. #...#...#
#.....#
###...#######
#####


You could see an oklob plant.

Vanquished Creatures
  A centaur warrior (D:10)
  Urug (D:10)
  An unseen horror (D:11)
  Pikel (D:7)
  A manticore (D:10)
  An oklob plant (D:11)
  2 ugly things (D:11)
  Joseph (D:7)
  The ghost of BeReasonable the Cudgeler, a novice HOMo of Trog (D:5)
  Maurice (D:11)
  Psyche (D:9)
  2 trolls (D:11)
  Grinder (D:3)
  A hippogriff (D:9)
  A spriggan (D:7)
  5 yaks (D:11)
  A wyvern (D:9)
  4 fire bats (D:9)
  A hungry ghost (D:8)
  The ghost of Zyrax the Cudgeler, an amateur DsGl (D:4)
  Menkaure (D:7)
  A water moccasin (D:9)
  Duvessa (D:4)
  A hell hound (D:9)
  A hornet zombie (D:7)
  2 sky beasts
  2 orc warriors
  3 slaves (D:7)
  3 ice beasts
  4 centaurs
  9 ogres
  Blork the orc (D:6)
  11 bullfrogs
  Dowan (D:4)
  3 scorpions
  9 killer bees
  12 wights
  2 lava snakes (D:9)
  8 crimson imps
  3 centaur zombies
  A bullfrog zombie (D:6)
  A quasit (D:8)
  3 hounds
  2 jellies
  A bullfrog skeleton (D:6)
  3 orc priests
  2 iguanas
  9 orc wizards
  2 centaur skeletons
  7 worker ants
  A worker ant zombie (D:9)
  14 gnolls
  10 adders
  4 shadow imps
  A river rat (D:5)
  3 oozes
  2 adder skeletons
  3 worms
  A dart slug (D:1)
  4 leopard geckos
  43 orcs
  A ball python (D:1)
  6 bats
  5 giant cockroaches
  4 goblins
  5 hobgoblins
  A jackal (D:2)
  4 quokkas
  2 frilled lizards (D:3)
  A jackal skeleton (D:7)
  6 kobolds
  A leopard gecko zombie (D:7)
  8 rats
268 creatures vanquished.

Vanquished Creatures (others)
  A slave (D:7)
  An orc (D:7)
  2 fire vortices (D:9)
  6 plants (D:11)
10 creatures vanquished.

Grand Total: 278 creatures vanquished

Notes
Turn   | Place    | Note
-------+----------+-------------------------------------------
     0 | D:1      | Spazmo the Minotaur Berserker began the quest for the Orb.
     0 | D:1      | Reached XP level 1. HP: 19/19 MP: 0/0
   381 | D:1      | Reached XP level 2. HP: 27/27 MP: 1/1
   856 | D:2      | Reached XP level 3. HP: 30/33 MP: 2/2
  1682 | D:3      | Reached XP level 4. HP: 34/40 MP: 3/3
  1689 | D:3      | Reached ** piety under Trog
  1762 | D:3      | Noticed a centaur
  1769 | D:3      | Killed a centaur
  1769 | D:3      | Reached XP level 5. HP: 17/47 MP: 4/4
  1880 | D:3      | Reached skill level 5 in Axes
  1883 | D:3      | Reached skill level 5 in Fighting
  2173 | D:3      | Found a shadowy altar of Dithmenos.
  2254 | D:3      | Noticed Grinder
  2254 | D:3      | Paralysed by Grinder for 6 turns
  2275 | D:3      | Paralysed by Grinder for 5 turns
  2281 | D:3      | Killed Grinder
  2281 | D:3      | Reached XP level 6. HP: 8/56 MP: 5/5
  2549 | D:3      | Found a hide-covered altar of Uskayaw.
  2690 | D:4      | Found a glowing silver altar of Zin.
  2690 | D:4      | Found a burning altar of Makhleb.
  2691 | D:4      | Noticed a blizzard demon
  2691 | D:4      | Noticed an angel
  2710 | D:4      | Noticed Dowan
  2711 | D:4      | Noticed Duvessa
  2731 | D:4      | Killed Duvessa
  2731 | D:4      | Reached skill level 5 in Armour
  2731 | D:4      | Reached XP level 7. HP: 54/62 MP: 6/6
  2736 | D:4      | Killed Dowan
  2851 | D:4      | Noticed Zyrax's ghost (amateur DsGl)
  2866 | D:4      | Killed Zyrax's ghost
  2866 | D:4      | Reached skill level 5 in Dodging
  3407 | D:5      | Entered Level 5 of the Dungeon
  3544 | D:5      | Reached XP level 8. HP: 64/71 MP: 7/7
  3708 | D:5      | Reached *** piety under Trog
  3722 | D:5      | Found a glowing drain.
  3787 | D:5      | Found a sparkling altar of Nemelex Xobeh.
  3959 | D:5      | Noticed BeReasonable's ghost (novice HOMo)
  3974 | D:5      | Killed BeReasonable's ghost
  4347 | D:6      | Found a staircase to the Ecumenical Temple.
  4423 | D:6      | Noticed Blork the orc
  4431 | D:6      | Killed Blork the orc
  4462 | D:6      | Found a shattered altar of Ashenzari.
  4531 | D:6      | Reached XP level 9. HP: 71/81 MP: 8/8
  5008 | D:6      | Found a sacrificial altar of Ru.
  5159 | D:7      | Noticed Menkaure
  5172 | D:7      | HP: 3/81 [Menkaure/nerve-wracking pain (10)]
  5174 | D:7      | Killed Menkaure
  5501 | D:7      | Noticed Pikel
  5518 | D:7      | Killed Pikel
  5566 | D:7      | Reached **** piety under Trog
  5566 | D:7      | Reached skill level 5 in Shields
  5876 | D:7      | Noticed Joseph
  5896 | D:7      | Killed Joseph
  5908 | D:7      | Reached XP level 10. HP: 80/91 MP: 9/9
  5939 | D:7      | Upgraded the game from 0.21-a0-84-g85d6d27 to 0.21-a0-85-ga0cb861
  6022 | D:7      | Got a faintly glowing scale mail
  6023 | D:7      | Identified the +5 scale mail of Jebbuin {rC++ Str+3 Stlth+} (You found it on level 7 of the Dungeon)
  7219 | D:8      | Found a shimmering altar of Xom.
  7220 | D:8      | Found an ornate altar of the Wu Jian Council.
  7656 | D:9      | Found a blossoming altar of Fedhas.
  7723 | D:9      | Reached ***** piety under Trog
  7772 | D:9      | Reached skill level 10 in Fighting
  7783 | D:9      | Reached skill level 10 in Axes
  7969 | D:9      | Noticed Psyche
  7977 | D:9      | Killed Psyche
  8588 | D:10     | Entered Level 10 of the Dungeon
  8588 | D:10     | Noticed a manticore
  8595 | D:10     | Killed a manticore
  8595 | D:10     | Reached skill level 10 in Armour
  8595 | D:10     | Reached XP level 11. HP: 63/101 MP: 10/10
  8661 | D:10     | Found Xihol's Distillery.
  8667 | D:10     | Bought a potion of heal wounds for 65 gold pieces
  8815 | D:10     | Noticed a centaur warrior
  8829 | D:10     | Killed a centaur warrior
  9280 | D:11     | Noticed Urug
  9284 | D:11     | Noticed a green ugly thing
  9302 | D:10     | Killed Urug
  9526 | D:11     | Killed a green ugly thing
  9600 | D:11     | Found a staircase to the Lair.
  9600 | D:11     | Noticed an oklob plant
  9615 | D:11     | Killed an oklob plant
  9866 | D:11     | Noticed Maurice
  9981 | D:11     | Killed an unseen horror
 10018 | D:11     | Killed Maurice
 10018 | D:11     | Reached skill level 10 in Dodging
 10096 | D:11     | Noticed a red ugly thing
 10106 | D:11     | Killed a red ugly thing
 10545 | Lair:1   | Entered Level 1 of the Lair of Beasts
 10641 | Lair:1   | Noticed an oklob plant
 10687 | Lair:1   | Killed from afar by an oklob plant

Vault maps used:
D:1:      shiori_arrival_elements
D:2:      minmay_diamond_boxcup, minmay_misc_feat_four_crosses
D:3:      lemuel_coloured_pillars_altar, lemuel_doored_altar,
          corexii_leaking_fountain, uniq_grinder
D:4:      grunt_temple_overflow_order_and_chaos_2, uniq_duvessa
D:5:      gup_sewer_entry_bubbles, first_bread, nemelex_diamond_rough_becter
D:6:      kennysheep_mini, marbit_many_paths, minmay_temple_entry_crystal_x,
          uniq_blork_the_orc
D:7:      the_bakery, uniq_pikel, uniq_menkaure, uniq_joseph
D:8:      gammafunk_temple_overflow_statue
D:9:      basic_altar, hangedman_incinerator, uniq_psyche
D:10:     serial_shops, nicolae_shop_competitors_out_of_business
D:11:     dpeg_oklobed_lair, uniq_urug, uniq_maurice
Lair:1:   minmay_lair_oklob_bushes, beast_lair_carwin_9

Skill      XL: |  1  2  3  4  5  6  7  8  9 10 11 |
---------------+----------------------------------+-----
Fighting       | 4 5 6 7 9 10 11 | 11.4
Axes           | 4 5 6 7 8 10 11 | 11.4
Armour         | 3 4 5 6 7 8 10 | 10.9
Dodging        | 3 4 5 6 7 9 10 | 10.2
Shields        | 3 5 7 |  7.2

Action                   |  1- 3 |  4- 6 |  7- 9 | 10-12 || total
-------------------------+-------+-------+-------+-------++-------
Melee: Hand axe          |    67 |     7 |       |       ||    74
       Headbutt          |    16 |     9 |    53 |   106 ||   184
       War axe           |       |    65 |   243 |   406 ||   714
Throw: Stone             |       |     1 |       |       ||     1
Invok: Berserk           |       |     2 |     3 |     2 ||     7
       Burn Spellbooks   |       |     1 |       |       ||     1
       Trog's Hand       |       |     1 |       |       ||     1
  Use: Scroll            |     5 |     2 |     3 |     2 ||    12
       Potion            |       |     1 |     1 |     1 ||     3
 Stab: Sleeping          |     1 |       |       |       ||     1
  Eat: Chunk             |     2 |     2 |     9 |    16 ||    29
       Meat ration       |       |     1 |       |       ||     1
       Fruit             |       |       |     2 |     1 ||     3
       Royal jelly       |       |       |     1 |     1 ||     2
Armor: Animal skin       |    14 |     1 |       |       ||    15
       Scale mail        |       |    22 |    57 |   118 ||   197
       Chain mail        |       |       |       |     1 ||     1
Dodge: Dodged            |    40 |    38 |   110 |   201 ||   389
Block: Buckler           |       |       |    33 |    49 ||    82
       Shield            |       |       |       |    76 ||    76
